Teams
League projects
% Time on Ice - SALEM BLACK JAYS
Lines # - Real PCT - Wanted PCT - Time Play
Normal Forward
1 - 31% - 38% - 15:40
2 - 36% - 33% - 18:02
3 - 13% - 21% - 6:22
4 - 20% - 8% - 10:12
Normal Defense
1 - 40% - 40% - 20:16
2 - 32% - 31% - 15:51
3 - 26% - 23% - 13:10
4 - 2% - 6% - 0:59
PP Forward
1 - 67% - 55% - 2:31
2 - 33% - 45% - 1:16
PP Defense
1 - 67% - 55% - 2:31
2 - 33% - 45% - 1:16
PK Forward
1 - 64% - 55% - 3:50
2 - 36% - 45% - 2:07
PK Defense
1 - 56% - 55% - 3:21
2 - 44% - 45% - 2:36
PK3 Forward
1 - 0% - 55%
2 - 0% - 45%
PK3 Defense
1 - 0% - 55%
2 - 0% - 45%
44 Forward
1 - 0% - 55%
2 - 0% - 45%
44 Defense
1 - 0% - 55%
2 - 0% - 45%
Last Minute Offensive  - 0:00
Last Minute Defensive  - 0:00
Total
Forward - 60:00
Defense - 60:00
% Time on Ice - SPOKANE KNIGHTS
Lines # - Real PCT - Wanted PCT - Time Play
Normal Forward
1 - 28% - 30% - 14:17
2 - 34% - 30% - 17:19
3 - 29% - 30% - 14:26
4 - 8% - 10% - 4:14
Normal Defense
1 - 29% - 30% - 14:27
2 - 27% - 30% - 13:24
3 - 32% - 25% - 15:56
4 - 13% - 15% - 6:29
PP Forward
1 - 61% - 60% - 3:39
2 - 39% - 40% - 2:18
PP Defense
1 - 62% - 60% - 3:41
2 - 38% - 40% - 2:16
PK Forward
1 - 85% - 60% - 3:12
2 - 15% - 40% - 0:35
PK Defense
1 - 73% - 60% - 2:45
2 - 27% - 40% - 1:02
PK3 Forward
1 - 0% - 55%
2 - 0% - 45%
PK3 Defense
1 - 0% - 55%
2 - 0% - 45%
44 Forward
1 - 0% - 55%
2 - 0% - 45%
44 Defense
1 - 0% - 55%
2 - 0% - 45%
Last Minute Offensive  - 0:00
Last Minute Defensive  - 0:00
Total
Forward - 60:00
Defense - 60:00
Play-by-Play 1st period 0:01 of 1st period - Ridly Greig wins face-off versus Martin Necas in neutral zone. 0:14 of 1st period - Shot by Dylan Larkin. 0:14 of 1st period - Deflect By Mikko Rantanen. 0:14 of 1st period - Stopped by Alex Lyon with a rebound. 0:16 of 1st period - Shot by Joshua Morrissey. 0:16 of 1st period - Shot Misses the Net. 0:18 of 1st period - Shot by Mikko Rantanen. 0:18 of 1st period - Stopped by Alex Lyon without a rebound. 0:19 of 1st period - Joshua Norris wins face-off versus Dylan Cozens in SPOKANE KNIGHTS zone. 0:37 of 1st period - Off-side. 0:38 of 1st period - Theodor Blueger wins face-off versus Shane Pinto in neutral zone. 0:47 of 1st period - Shot by Theodor Blueger. 0:47 of 1st period - Shot Misses the Net. 1:09 of 1st period - Shot by Mikko Rantanen. 1:09 of 1st period - Stopped by Alex Lyon with a rebound. 2:24 of 1st period - Cody Ceci is hit by Kevin Stenlund and loses puck. 2:44 of 1st period - Ridly Greig is hit by Nikita Zadorov and loses puck. 3:14 of 1st period - Shot by Dylan Guenther. 3:14 of 1st period - Deflect By Joshua Norris. 3:14 of 1st period - Stopped by Juuse Saros without a rebound. 3:15 of 1st period - Dylan Larkin wins face-off versus Joseph Veleno in SALEM BLACK JAYS zone. 3:22 of 1st period - Joseph Veleno is hit by Dylan Larkin and loses puck. 3:51 of 1st period - Icing by Evan Bouchard. 3:52 of 1st period - Dylan Cozens wins face-off versus Joseph Veleno in SPOKANE KNIGHTS zone. 5:20 of 1st period - Shot by Ridly Greig. 5:20 of 1st period - Stopped by Juuse Saros without a rebound. 5:21 of 1st period - Filip Chytil wins face-off versus Shane Pinto in SALEM BLACK JAYS zone. 5:23 of 1st period - Icing by Nicklaus Perbix. 5:24 of 1st period - Cole Sillinger wins face-off versus Filip Chytil in SALEM BLACK JAYS zone. 5:27 of 1st period - Shot by Cole Sillinger. 5:27 of 1st period - Shot Blocked by Urho Vaakanainen. 5:54 of 1st period - Shot by Ridly Greig. 5:54 of 1st period - Deflect By Cole Sillinger. 5:54 of 1st period - Shot Misses the Net. 5:56 of 1st period - Shot by Evan Bouchard. 5:56 of 1st period - Shot Blocked by Nicklaus Perbix. 5:58 of 1st period - Shot by Cole Sillinger. 5:58 of 1st period - Stopped by Juuse Saros with a rebound. 6:00 of 1st period - Shot by Ridly Greig. 6:00 of 1st period - Stopped by Juuse Saros without a rebound. 6:01 of 1st period - Dylan Larkin wins face-off versus Shane Pinto in SALEM BLACK JAYS zone. 6:10 of 1st period - Shot by Martin Necas. 6:10 of 1st period - Shot Misses the Net. 6:38 of 1st period - Shot by Shane Pinto. 6:38 of 1st period - Shot Misses the Net. 8:15 of 1st period - Shot by Filip Chytil. 8:15 of 1st period - Shot Misses the Net. 8:32 of 1st period - Icing by Kyle Burroughs. 8:33 of 1st period - Barrett Hayton wins face-off versus Cole Sillinger in SPOKANE KNIGHTS zone. 8:55 of 1st period - Joshua Morrissey is hit by Shane Pinto and loses puck. 9:16 of 1st period - Shot by Simon Holmstrom. 9:16 of 1st period - Shot Misses the Net. 9:51 of 1st period - Shot by Kirill Kaprizov. 9:51 of 1st period - Stopped by Alex Lyon with a rebound. 9:56 of 1st period - Minor Penalty to Kirill Kaprizov for Hooking. 9:57 of 1st period - Theodor Blueger wins face-off versus Joshua Norris in SALEM BLACK JAYS zone. 10:15 of 1st period - Icing by Kyle Burroughs. 10:16 of 1st period - Joshua Norris wins face-off versus Theodor Blueger in SPOKANE KNIGHTS zone. 10:26 of 1st period - Off-side. 10:27 of 1st period - Joseph Veleno wins face-off versus Dylan Cozens in neutral zone. 10:52 of 1st period - Shot by Joseph Veleno. 10:52 of 1st period - Stopped by Juuse Saros without a rebound. 10:53 of 1st period - Dylan Cozens wins face-off versus Joshua Norris in SALEM BLACK JAYS zone. 10:53 of 1st period - Dylan Cozens is hit by Joshua Norris. 11:37 of 1st period - Icing by Dylan Guenther. 11:38 of 1st period - Joshua Norris wins face-off versus Theodor Blueger in SPOKANE KNIGHTS zone. 11:53 of 1st period - Off-side. 11:54 of 1st period - Dylan Cozens wins face-off versus Joseph Veleno in neutral zone. 12:20 of 1st period - Shot by Ridly Greig. 12:20 of 1st period - Stopped by Juuse Saros without a rebound. 12:21 of 1st period - Shane Pinto wins face-off versus Dylan Cozens in SALEM BLACK JAYS zone. 12:24 of 1st period - Shot by Shane Pinto. 12:24 of 1st period - Stopped by Juuse Saros without a rebound. 12:25 of 1st period - Dylan Larkin wins face-off versus Noah Cates in SALEM BLACK JAYS zone. 12:52 of 1st period - Shot by Shane Pinto. 12:52 of 1st period - Shot Misses the Net. 13:00 of 1st period - Evan Bouchard is hit by Martin Necas and loses puck. 13:34 of 1st period - Joshua Norris is hit by Mathew Barzal and loses puck. 13:49 of 1st period - Shot by Joshua Norris. 13:49 of 1st period - Deflect By Dylan Guenther. 13:49 of 1st period - Shot Blocked by Cody Ceci. 13:51 of 1st period - Shot by Dylan Guenther. 13:51 of 1st period - Stopped by Juuse Saros without a rebound. 13:52 of 1st period - Cole Sillinger wins face-off versus Filip Chytil in SALEM BLACK JAYS zone. 13:55 of 1st period - Shot by Cole Sillinger. 13:55 of 1st period - Shot Blocked by Cole Guttman. 14:07 of 1st period - Shot by Cole Guttman. 14:07 of 1st period - Stopped by Alex Lyon without a rebound. 14:08 of 1st period - Joshua Norris wins face-off versus Theodor Blueger in SPOKANE KNIGHTS zone. 14:10 of 1st period - Dylan Guenther is hit by Theodor Blueger and loses puck. 14:25 of 1st period - Shot by Joshua Norris. 14:25 of 1st period - Stopped by Juuse Saros without a rebound. 14:26 of 1st period - Cole Sillinger wins face-off versus Dylan Cozens in SALEM BLACK JAYS zone. 14:26 of 1st period - Cole Sillinger is hit by Nikita Zadorov. 14:37 of 1st period - Cole Sillinger is hit by Nikita Zadorov and loses puck. 15:01 of 1st period - Icing by Cody Ceci. 15:02 of 1st period - Joshua Norris wins face-off versus Dylan Cozens in SALEM BLACK JAYS zone. 15:03 of 1st period - Shot by Dylan Guenther. 15:03 of 1st period - Stopped by Juuse Saros with a rebound. 15:18 of 1st period - Dylan Cozens is hit by Ashton Sautner and loses puck. 15:33 of 1st period - Shot by Quinton Byfield. 15:33 of 1st period - Stopped by Juuse Saros without a rebound. 15:34 of 1st period - Dylan Larkin wins face-off versus Cole Smith in SALEM BLACK JAYS zone. 15:34 of 1st period - Dylan Larkin is hit by Cole Smith. 15:39 of 1st period - Martin Necas is hit by Cole Smith and loses puck. 15:49 of 1st period - Minor Penalty to Joshua Morrissey for Hooking. 15:50 of 1st period - Theodor Blueger wins face-off versus Joshua Norris in SALEM BLACK JAYS zone. 16:05 of 1st period - Shot by Adam Fox. 16:05 of 1st period - Shot Misses the Net. 16:11 of 1st period - Shot by Adam Fox. 16:11 of 1st period - Shot Blocked by Cody Ceci. 16:13 of 1st period - Shot by Adam Fox. 16:13 of 1st period - Shot Blocked by Nicklaus Perbix. 16:15 of 1st period - Shot by Kyle Burroughs. 16:15 of 1st period - Deflect By Joshua Norris. 16:15 of 1st period - Shot Misses the Net. 16:17 of 1st period - Shot by Dylan Guenther. 16:17 of 1st period - Shot Blocked by Nicklaus Perbix. 17:05 of 1st period - Shot by Cole Sillinger. 17:05 of 1st period - Shot Misses the Net. 17:07 of 1st period - Shot by Simon Holmstrom. 17:07 of 1st period - Shot Misses the Net. 17:17 of 1st period - Shot by Cole Sillinger. 17:17 of 1st period - Stopped by Juuse Saros without a rebound. 17:18 of 1st period - Dylan Cozens wins face-off versus Joshua Norris in SALEM BLACK JAYS zone. 17:33 of 1st period - Icing by Adam Fox. 17:34 of 1st period - Joshua Norris wins face-off versus Dylan Cozens in SPOKANE KNIGHTS zone. 17:45 of 1st period - Shot by Joshua Norris. 17:45 of 1st period - Stopped by Juuse Saros without a rebound. 17:46 of 1st period - Dylan Cozens wins face-off versus Cole Sillinger in SALEM BLACK JAYS zone. 18:09 of 1st period - Shot by Simon Holmstrom. 18:09 of 1st period - Stopped by Juuse Saros without a rebound. 18:10 of 1st period - Dylan Cozens wins face-off versus Cole Sillinger in SALEM BLACK JAYS zone. 18:42 of 1st period - Off-side. 18:43 of 1st period - Dylan Larkin wins face-off versus Joshua Norris in neutral zone. 18:46 of 1st period - Quinton Byfield is hit by Mikko Rantanen and loses puck. 19:24 of 1st period - Dylan Larkin is hit by Evan Bouchard and loses puck. 19:39 of 1st period - Shot by Dylan Cozens. 19:39 of 1st period - Shot Misses the Net. 19:58 of 1st period - Icing by Dylan Guenther. 19:59 of 1st period - Cole Guttman wins face-off versus Joshua Norris in SPOKANE KNIGHTS zone. Goals for this period are 0 for SALEM BLACK JAYS vs 0 for SPOKANE KNIGHTS. Shots for this period are 5 for SALEM BLACK JAYS vs 14 for SPOKANE KNIGHTS. 2nd period 0:01 of 2nd period - Dylan Larkin wins face-off versus Shane Pinto in neutral zone. 0:32 of 2nd period - Shot by Martin Necas. 0:32 of 2nd period - Deflect By Mikko Rantanen. 0:32 of 2nd period - Shot Misses the Net. 0:34 of 2nd period - Shot by Joshua Morrissey. 0:34 of 2nd period - Stopped by Alex Lyon with a rebound. 0:38 of 2nd period - Shot by Dylan Larkin. 0:38 of 2nd period - Shot Blocked by Adam Fox. 0:40 of 2nd period - Shot by Joshua Morrissey. 0:40 of 2nd period - Shot Misses the Net. 1:03 of 2nd period - Icing by Nikita Zadorov. 1:04 of 2nd period - Dylan Cozens wins face-off versus Cole Sillinger in SALEM BLACK JAYS zone. 1:04 of 2nd period - Dylan Cozens is hit by Kevin Stenlund. 1:10 of 2nd period - Shot by Kirill Kaprizov. 1:10 of 2nd period - Shot Misses the Net. 1:12 of 2nd period - Shot by Mathew Barzal. 1:12 of 2nd period - Goal by Mathew Barzal - SALEM BLACK JAYS : 1 - SPOKANE KNIGHTS : 0. 1:13 of 2nd period - Dylan Cozens wins face-off versus Joshua Norris in neutral zone. 2:09 of 2nd period - Evan Bouchard is hit by Dylan Cozens and loses puck. 2:34 of 2nd period - Shot by Cole Sillinger. 2:34 of 2nd period - Stopped by Juuse Saros with a rebound. 2:36 of 2nd period - Shot by Cole Sillinger. 2:36 of 2nd period - Shot Blocked by Joshua Morrissey. 2:43 of 2nd period - Icing by Matthew Grzelcyk. 2:44 of 2nd period - Dylan Larkin wins face-off versus Shane Pinto in SALEM BLACK JAYS zone. 2:48 of 2nd period - Off-side. 2:49 of 2nd period - Shane Pinto wins face-of